 Dungeon Crawl Stone Soup version 0.30.0-19-g36f170ea60 (webtiles) character file.

Game seed: 4728179491197742820

4051 Graphine the Arsonist (level 10, -10/81 HPs)
             Began as a Pale Draconian Fire Elementalist on May 28, 2023.
             Was a Priest of Sif Muna.
             Mangled by an orc knight
             ... wielding a +0 halberd
              (25 damage)
             ... in a bailey.
             The game lasted 00:37:50 (7293 turns).

Graphine the Arsonist (DrFE)                        Turns: 7293, Time: 00:37:52

Health: -10/81     AC: 12    Str: 11    XL:     10   Next: 4%
Magic:  17/17      EV: 13    Int: 20    God:    Sif Muna [***...]
Gold:   405        SH:  0    Dex: 11    Spells: 12/19 levels left

rFire   . . .        g - +2 short sword (protect)
rCold   . . .        (no shield)
rNeg    + + +        (body armour unavailable)
rPois   .            (helmet restricted)
rElec   +            s - +0 cloak
rCorr   +            (no gloves)
SInv    .            (no boots)
Will    .....        (no amulet)
Stlth   ++           d - ring of flight
HPRegen 0.33/turn    n - ring "Copt" {*Slow rElec rN+++ rCorr AC+4}
MPRegen 0.15/turn

%: slow self (1%)
@: brilliant, flying
A: breathe steam, AC +7, unfitting armour, cold-blooded, steam resistance
a: Breathe Steam, Renounce Religion, Channel Magic, Forget Spell


You were in a bailey.
You worshipped Sif Muna.
Sif Muna was most pleased with you.
You visited 1 branch of the dungeon, and saw 8 of its levels.
You also visited: Bailey.

You collected 405 gold pieces.

Inventory:

Hand Weapons
 g - a +2 short sword of protection (weapon)
 t - a +0 lajatang
Armour
 s - a +0 cloak (worn)
Jewellery
 d - a ring of flight (left hand)
 n - the ring "Copt" (right hand) {*Slow rElec rN+++ rCorr AC+4}
   (You acquired it on level 7 of the Dungeon)

   [ring of protection]

   AC:        It affects your AC (+4).
   rElec:     It insulates you from electricity.
   rN:        It renders you almost immune to negative energy.
   rCorr:     It protects you from acid and corrosion.
   *Slow:     It may slow you when you take damage.
 p - a ring of ice
Wands
 j - a wand of flame (24)
 r - a wand of light (6)
Scrolls
 e - a scroll of fear
 h - 3 scrolls of vulnerability
 i - 2 scrolls of teleportation
 u - a scroll of magic mapping
 v - a scroll of identify
Potions
 a - a potion of magic
 b - a potion of brilliance
 c - 3 potions of curing
 f - 2 potions of cancellation
 k - 3 potions of flight
 l - a potion of berserk rage
 m - a potion of degeneration {unknown}
 o - a potion of haste {unknown}
 q - a potion of lignification {unknown}


   Skills:
 + Level 5.4 Fighting
 + Level 5.0 Dodging
 - Level 1.7 Stealth
 + Level 5.0 Spellcasting
 * Level 7.5 Conjurations
 * Level 8.9 Fire Magic
 + Level 4.7 Invocations


You had 12 spell levels left.
You knew the following spells:

 Your Spells              Type           Power      Damage    Failure   Level
a - Foxfire               Conj/Fire      100%       2x1d9     1%          1
b - Scorch                Fire           100%       2d9       1%          2
c - Flame Wave            Conj/Fire      54%        2d13      4%          4

Your spell library contained the following spells:

 Spells                   Type           Power      Damage    Failure   Level
 Inner Flame              Hex/Fire       34%        N/A       5%          3
 Volatile Blastmotes      Fire/Tloc      68%        2d15      5%          3
 Dazzling Flash           Conj/Hex       60%        N/A       8%          3
 Stone Arrow              Conj/Erth      60%        3d10      8%          3
 Sandblast                Erth           14%        2d6       12%         1
 Slow                     Hex            28%        N/A       12%         1
 Mephitic Cloud           Conj/Pois/Air  22%        N/A       12%         3
 Passwall                 Tmut/Erth      5%         N/A       17%         2
 Poisonous Vapours        Pois/Air       14%        N/A       17%         2
 Iskenderun's Mystic Bla  Conj/Tloc      30%        2d8       24%         4
 Confusing Touch          Hex            7%         N/A       34%         3
 Portal Projectile        Hex/Tloc       14%        N/A       34%         3
 Summon Guardian Golem    Hex/Summ       7%         N/A       34%         3
 Tukima's Dance           Hex            7%         N/A       34%         3
 Vampiric Draining        Necr           7%         2d6       34%         3
 Vhi's Electric Charge    Tloc/Air       14%        N/A       34%         3
 Starburst                Conj/Fire      27%        6d9       52%         6
 Arcjolt                  Conj/Air       15%        1d25      56%         5
 Freezing Cloud           Conj/Ice/Air   11%        6-21      75%         5
 Blade Hands              Tmut           3%         N/A       97%         5
 Orb of Destruction       Conj           25%        9d9       99%         7
 Spellforged Servitor     Conj/Summ      15%        N/A       100%        7
 Maxwell's Capacitive Co  Air            3%         ∞         100%        8


Dungeon Overview and Level Annotations

Branches:
Dungeon (8/15)             Temple (0/1) D:5          Bailey (1/1)
   Lair: D:8-11

Altars:
Cheibriados
Elyvilon
Gozag
Sif Muna
Uskayaw
Zin


Innate Abilities, Weirdness & Mutations

You can breathe blasts of scalding, opaque steam.
Your pale cyan-grey scales are hard. (AC +7)
You cannot fit into any form of body armour.
You are cold-blooded and may be slowed by cold attacks.
You are immune to the effects of steam.


Message History

The orc knight hits you with a +0 halberd.
Okay, then.
The orc knight is no longer more vulnerable to fire.
The orc knight hits you with a +0 halberd.
Casting: Foxfire (safe; 1% risk of failure)
Confirm with . or Enter, or press ? or * to list all spells.
Flames lash the orc knight.
The orc knight is moderately wounded.
The orc knight's fire resistance burns away.
The orc knight barely misses you.
Casting: Scorch (safe; 1% risk of failure)
Confirm with . or Enter, or press ? or * to list all spells.
You conjure some foxfire!
The orc knight hits you with a +0 halberd!
* * * LOW HITPOINT WARNING * * *
Casting: Foxfire (safe; 1% risk of failure)
Confirm with . or Enter, or press ? or * to list all spells.
You conjure some foxfire!
The foxfire hits the orc knight.
The orc knight is burned terribly!
The orc knight is heavily wounded.
The foxfire hits the orc knight but does no damage.
The orc knight is heavily wounded.
The orc knight hits you with a +0 halberd.
* * * LOW HITPOINT WARNING * * *
Casting: Foxfire (safe; 1% risk of failure)
Confirm with . or Enter, or press ? or * to list all spells.
You conjure some foxfire!
You feel less invigorated.
The foxfire hits the orc knight but does no damage.
The orc knight is heavily wounded.
The foxfire hits the orc knight but does no damage.
The orc knight is heavily wounded.
The orc knight hits you but does no damage.
You feel clever all of a sudden.
The orc knight is no longer more vulnerable to fire.
The foxfire hits the orc knight but does no damage.
The orc knight is heavily wounded.
The foxfire hits the orc knight.
The orc knight is heavily wounded.
The orc knight hits you with a +0 halberd!!
You die...

#. .≈≈≈≈..####
####..≈≈≈≈≈..#$.##
###.....≈≈≈≈...#.).)
♣♣♣...♣♣..≈≈≈≈...##..)
♣♣......♣..≈≈ ≈....#..#
♣.........######.o.#.8#
♣..∩.§.............#..#
♣....§@o........)..'..#
♣....§............)'..#
♣..∩...............#..#
♣.........######...#.8#
♣♣.........≈≈ ≈....#..#
♣♣♣....♣..≈≈≈≈.♣.##...
###.....≈≈≈≈...#....
##.♣..≈≈≈≈♣..#$.##
#...≈≈≈≈≈♣..####


You could see an orc knight.

Vanquished Creatures
  Pikel (D:7)
  An unseen horror zombie (D:8)
  Sigmund (D:2)
  A water moccasin (D:8)
  A sky beast (D:7)
  5 orc warriors
  2 ogres
  The ghost of Jannitor the Sneak, an amateur DjDe of Yredelemnul (D:4)
  A phantom (D:5)
  A centaur (D:7)
  A bullfrog (D:7)
  2 scorpions (D:5)
  A wyvern zombie (D:8)
  7 wights (D:8)
  12 killer bees (D:7)
  A centaur zombie (D:8)
  Crazy Yiuf (D:6)
  5 hounds
  3 jellies
  3 orc priests
  2 sleepcaps
  4 iguanas
  6 orc wizards
  Ijyb (D:4)
  A howler monkey zombie (D:8)
  3 gnolls (D:4)
  9 adders
  A shadow imp (D:6)
  An ufetubus (D:4)
  2 worms
  A dart slug (D:5)
  30 orcs
  14 ball pythons
  4 endoplasms
  7 giant cockroaches
  9 hobgoblins
  3 jackals (D:3)
  3 quokkas
  5 bats
  A frilled lizard (D:1)
  10 goblins
  4 kobolds
  6 rats
178 creatures vanquished.

Vanquished Creatures (others)
  458 foxfires
458 creatures vanquished.

Grand Total: 636 creatures vanquished

Notes
Turn   | Place    | Note
-------+----------+-------------------------------------------
     0 | D:1      | Graphine the Draconian Fire Elementalist began the quest
                  | for the Orb.
     0 | D:1      | Reached XP level 1. HP: 14/14 MP: 3/3
   181 | D:1      | Reached XP level 2. HP: 19/20 MP: 3/5
   357 | D:1      | Reached XP level 3. HP: 20/27 MP: 0/6
   776 | D:2      | Reached skill level 1 in Fighting
   783 | D:2      | Reached XP level 4. HP: 35/35 MP: 1/7
   962 | D:2      | Reached skill level 4 in Fire Magic
   965 | D:2      | Learned a level 2 spell: Scorch
   970 | D:2      | Learned a level 4 spell: Flame Wave
  1007 | D:2      | Noticed Sigmund
  1019 | D:2      | Killed Sigmund
  1020 | D:2      | Reached XP level 5. HP: 31/41 MP: 3/9
  1020 | D:2      | Reached XP level 6. HP: 37/48 MP: 3/10
  2235 | D:3      | Noticed a +0 spear
  2236 | D:3      | Noticed a +0 short sword
  2237 | D:3      | Noticed a +0 short sword
  2238 | D:3      | Noticed a +0 spear
  2238 | D:3      | Noticed a +0 dagger
  2241 | D:3      | Noticed a +0 falchion
  2241 | D:3      | Noticed a +0 falchion
  2243 | D:3      | Noticed a +0 dagger
  2245 | D:3      | Found a hide-covered altar of Uskayaw.
  2389 | D:3      | Found a shimmering blue altar of Sif Muna.
  2395 | D:3      | Became a worshipper of Sif Muna the Loreminder
  3169 | D:4      | Noticed Ijyb
  3182 | D:4      | Killed Ijyb
  3183 | D:4      | Reached skill level 1 in Invocations
  3331 | D:4      | Your scales start taking on a pale cyan-grey colour.
  3331 | D:4      | Reached skill level 5 in Fire Magic
  3331 | D:4      | Reached XP level 7. HP: 56/56 MP: 6/11
  3331 | D:4      | Gained mutation: You are immune to the effects of steam.
                  | [Pale Draconian growth]
  3635 | D:4      | Found a runed translucent door.
  3635 | D:4      | Noticed Jannitor's ghost (amateur DjDe)
  3655 | D:4      | Killed Jannitor's ghost
  3836 | D:5      | Entered Level 5 of the Dungeon
  3868 | D:5      | Reached skill level 6 in Fire Magic
  3991 | D:5      | Found a staircase to the Ecumenical Temple.
  4062 | D:5      | Reached XP level 8. HP: 53/63 MP: 0/13
  4065 | D:5      | Reached * piety under Sif Muna
  4316 | D:5      | Found a snail-covered altar of Cheibriados.
  4573 | D:6      | Reached skill level 5 in Conjurations
  5158 | D:6      | Found a runed translucent door.
  5159 | D:6      | Noticed Crazy Yiuf
  5278 | D:6      | Killed Crazy Yiuf
  5491 | D:7      | Reached ** piety under Sif Muna
  5493 | D:7      | Reached skill level 7 in Fire Magic
  5663 | D:7      | Identified a scroll of acquirement
  5663 | D:7      | Acquired the ring "Copt" {*Slow rElec rN+++ rCorr AC+4}
  5697 | D:7      | Noticed Pikel
  5708 | D:7      | Killed Pikel
  5709 | D:7      | Reached XP level 9. HP: 63/72 MP: 4/15
  6007 | D:7      | Reached skill level 8 in Fire Magic
  6426 | D:7      | Found an opulent altar of Gozag.
  6807 | D:8      | Found a glowing silver altar of Zin.
  6819 | D:8      | Reached skill level 5 in Fighting
  6831 | D:8      | Reached *** piety under Sif Muna
  6976 | D:8      | Found a white marble altar of Elyvilon.
  7056 | D:8      | Found a flagged portal.
  7063 | Bailey   | Entered a bailey
  7127 | Bailey   | Noticed an orc knight
  7274 | Bailey   | Reached XP level 10. HP: 61/81 MP: 10/17
  7279 | Bailey   | Reached skill level 5 in Dodging
  7279 | Bailey   | Reached skill level 5 in Spellcasting
  7293 | Bailey   | Mangled by an orc knight

Illustrated notes

Levels and vault maps discovered:
D:1:      kennysheep_arrival_forest, layout_basic, feat_on_display
D:2:      minmay_skewed_foursquare, layout_loops_ring, uniq_sigmund
D:3:      layout_basic, mainiacjoe_overflow_alcove_4, nicolae_uskayaw_en_pointe,
          small_statue_alley_b
D:4:      layout_loops_ring, gammafunk_ghost_grave, uniq_ijyb
D:5:      layout_rooms, slow_altar_1, temple_pool_b, chequers_garden,
          chequers_serial_rivers_small_3
D:6:      layout_loops_ring, uniq_crazy_yiuf_cottage
D:7:      layout_loops_cross, kennysheep_little_box, uniq_pikel
D:8:      layout_basic, mainiacjoe_overflow_small_starburst,
          nicolae_elyvilon_peaceful_grove, enter_ossuary_4, serial_undead,
          serial_undead_a, serial_undead_d, serial_undead_c, serial_undead_a,
          enter_bailey_3, lemuel_flamethrower_2
Bailey:   bailey_polearm_elven_captive_hellmonk, bailey

Skill      XL: |  1  2  3  4  5  6  7  8  9 10 |
---------------+-------------------------------+-----
Dodging        | 2 3 4 5 |  5.0
Fighting       | 1 2 3 4 5 |  5.4
Conjurations   | 2 3 4 6 7 |  7.5
Fire Magic     | 4 5 6 7 8 |  8.9
Spellcasting   | 3 4 5 |  5.0
Invocations    | 1 2 3 4 |  4.7
Stealth        | |  1.7

Action                     |  1- 3 |  4- 6 |  7- 9 | 10-12 || total
---------------------------+-------+-------+-------+-------++-------
  Melee: Unarmed           |    21 |       |       |       ||    21
         Tailslap          |     4 |     3 |    19 |       ||    26
         Hand axe          |     8 |       |       |       ||     8
         Short sword       |    25 |    38 |   118 |     2 ||   183
         Punch             |       |       |     2 |       ||     2
   Cast: Foxfire           |    38 |    85 |   132 |    11 ||   266
         Flame Wave        |       |       |    15 |       ||    15
         Scorch            |       |       |     2 |     2 ||     4
 Invoke: Channel Magic     |       |       |       |     1 ||     1
Ability: Breathe Steam     |       |       |     3 |       ||     3
    Use: Scroll            |     3 |     8 |     6 |       ||    17
         Potion            |       |     1 |     5 |     1 ||     7
   Stab: Sleeping          |     1 |       |       |       ||     1
 Armour: Skin              |    24 |    22 |    99 |     1 ||   146
  Dodge: Dodged            |    45 |    26 |   154 |     3 ||   228
